 Dungeon Crawl Stone Soup version 0.30.1-11-g7821555f0a (webtiles) character file.

Game seed: 5319495579870061547

24 SacredBeard the Vexing (level 2, 0/16 HPs)
             Began as a Deep Elf Hexslinger on Oct 31, 2023.
             Slain by an adder (4 damage)
             ... on level 2 of the Dungeon.
             The game lasted 00:02:04 (1233 turns).

SacredBeard the Vexing (Deep Elf Hexslinger)        Turns: 1233, Time: 00:02:05

Health: 0/16       AC:  2    Str:  7    XL:     2   Next: 79%
Magic:  7/7        EV: 13    Int: 17    God:
Gold:   46         SH:  0    Dex: 15    Spells: 4/5 levels left

rFire   . . .        i - +1 dagger (venom)
rCold   . . .        (no shield)
rNeg    . . .        c - +0 robe
rPois   .            (no helmet)
rElec   .            (no cloak)
rCorr   .            (no gloves)
SInv    .            (no boots)
Will    .....        (no amulet)
Stlth   +            (no ring)
HPRegen 0.22/turn    (no ring)
MPRegen 0.10/turn

%: no passive effects
@: lethally poisoned (0 -> -2)
A: no striking features
a: no special abilities


You were on level 2 of the Dungeon.
You visited 1 branch of the dungeon, and saw 2 of its levels.

You collected 46 gold pieces.

Inventory:

Hand Weapons
 a - a +1 sling
 i - a +1 dagger of venom (weapon)
Armour
 c - a +0 robe (worn)
Scrolls
 b - a scroll of poison
 d - a scroll of vulnerability {unknown}
Potions
 e - 2 potions of brilliance {unknown}
 f - 3 potions of curing {unknown}
 g - a potion of flight {unknown}
 h - a potion of heal wounds {unknown}


   Skills:
 - Level 1.0 Fighting
 * Level 3.4 Ranged Weapons
 + Level 0.3 Armour
 + Level 2.8 Dodging
 + Level 2.2 Spellcasting
 + Level 4.1 Hexes


You had 4 spell levels left.
You knew the following spells:

 Your Spells              Type           Power      Damage    Failure   Level
a - Slow                  Hex            64%        N/A       3%          1

Your spell library contained the following spells:

 Spells                   Type           Power      Damage    Failure   Level
 Inner Flame              Hex/Fire       8%         N/A       24%         3
 Portal Projectile        Hex/Tloc       16%        N/A       24%         3
 Cause Fear               Hex            8%         N/A       34%         4


Dungeon Overview and Level Annotations

Branches:
Dungeon (2/15) Zot: 10754

Altars:

Shops:
D:1 :


Message History

The adder hisses angrily.
You shoot a sling bullet.
The sling bullet closely misses the adder.
You shoot a sling bullet. The sling bullet hits the adder.
The adder is heavily wounded.
You shoot a sling bullet. The sling bullet hits the adder.
The adder is almost dead.
You shoot a sling bullet.
The sling bullet closely misses the adder.
The adder closely misses you. The adder bites you but does no damage.
You shoot a sling bullet.
The sling bullet completely misses the adder.
The adder closely misses you.
You shoot a sling bullet.
The sling bullet closely misses the adder.
The adder barely misses you. The adder misses you.
You shoot a sling bullet.
The sling bullet barely misses the adder.
The adder bites you.
You shoot a sling bullet.
The sling bullet closely misses the adder.
The adder misses you. The adder bites you.
You are poisoned.
The adder poisons you!
You are too injured to fight recklessly!
You are too injured to fight recklessly!
You are too injured to fight recklessly!
Your +1 dagger of venom begins to drip with poison!
i - a +1 dagger of venom (weapon)
You feel sick.
You closely miss the adder.
The adder is severely wounded.
You feel sick. The adder bites you. The adder bites you but does no damage.
You hit the adder but do no damage.
The adder is poisoned.
The adder is severely wounded.
You feel sick. The adder misses you.
You barely miss the adder.
The adder is severely wounded.
You feel sick. The adder bites you.
You die...

#.........#
+.........+
.........
....... .....
... #S# #@#
#.# ##.##
##...#######.
#............
##...########
##..#
#.###..#
#......#


You could see an adder (very poisoned).

Vanquished Creatures
  2 dart slugs (D:1)
  3 ball pythons (D:1)
  A bat (D:1)
  2 endoplasms
  2 giant cockroaches (D:1)
  4 goblins (D:1)
  A hobgoblin (D:1)
  2 kobolds
  A frilled lizard (D:1)
  A rat (D:1)
19 creatures vanquished.

Notes
Turn   | Place    | Note
-------+----------+-------------------------------------------
     0 | D:1      | SacredBeard the Deep Elf Hexslinger began the quest for the
                  | Orb.
     0 | D:1      | Reached XP level 1. HP: 11/11 MP: 5/5
   123 | D:1      | Reached XP level 2. HP: 15/16 MP: 6/6
   158 | D:1      | Found Ires's Vocational Training.
   277 | D:1      | Reached skill level 1 in Fighting
  1233 | D:2      | Slain by an adder

Illustrated notes

Levels and vault maps discovered:
D:1:      roderic_crop_circles_arrival_small, layout_loops_ring, serial_glass,
          glass_columns_a, glass_columns_c, minmay_strange_pillars,
          due_unseen_surprise, item_on_display_a, item_on_display_a,
          minivault_27, nicolae_shop_vocational
D:2:      layout_loops_corners, serial_shops, shop

Skill      XL: |  1  2 |
---------------+-------+-----
Ranged Weapons | 3 |  3.4
Spellcasting   | 2 |  2.2
Fighting       | 1 |  1.0
Armour         | |  0.3
Dodging        | |  2.8
Hexes          | |  4.1

Action                     || total
---------------------------++-------
  Melee: Dagger            ||     3
   Fire: Sling             ||    52
 Armour: Robe              ||     4
  Dodge: Dodged            ||    12
